Map: 2000 Atmospheres LE

Players

GOStephano (Stephano)

  • Race: Zerg Zerg
  • League: Master

Geralt (Gerald) - Winner!

  • Race: Protoss Protoss
  • League: Grandmaster

Event: DreamHack SC2 Masters 2021 Summer

VOD

Have the link to the VOD?

Description

Time

  • Played on: May 23, 2021, 1:12 p.m.
  • Length: 10:30

All games in this series

Show
View Real Time Build Order
Export as new Build Order

GOStephano Zerg 

Build Orders: Hatch First 

Get SALT Encoding   

  12  0:00  Drone  
  13  0:12  Overlord  
  13  0:17  Drone  
  14  0:30  Drone x2  
  16  0:49  Hatchery  
  15  0:51  Drone  
  15  0:54  Drone  
  17  0:58  Drone  
  18  1:08  Extractor  
  17  1:13  Spawning Pool  
  17  1:17  Drone  
  17  1:20  Drone  
  18  1:28  Drone  
  19  1:39  Drone  
  21  1:54  Drone  
  21  2:01  Queen x2  
  23  2:02  Drone, Zergling x2  
  27  2:11  Overlord  
  27  2:12  Drone  
  28  2:18  Metabolic Boost  
  28  2:29  Hatchery  
  27  2:31  Zergling x2  
  27  2:32  Drone  
  29  2:40  Queen  
  29  2:43  Drone  
  32  2:47  Overlord  
  32  2:50  Drone  
  33  2:58  Drone  
  34  2:59  Drone  
  34  3:01  Zergling x2  
  36  3:10  Zergling x2  
  36  3:12  Drone x2  
  39  3:14  Spore Crawler  
  39  3:17  Drone  
  39  3:19  Queen  
  42  3:23  Drone x2  
  42  3:24  Spore Crawler  
  43  3:30  Extractor  
  42  3:37  Drone x2  
  42  3:39  Overlord  
  44  3:42  Overlord  
  44  3:48  Overlord  
  44  3:51  Overlord  
  44  3:59  Spore Crawler  
  44  4:00  Drone x6, Spore Crawler  
  44  4:02  Drone x2  
  50  4:13  Zergling x4  
  50  4:14  Drone x2  
  52  4:17  Drone  
  52  4:19  Drone  
  52  4:20  Drone  
  52  4:21  Queen  
  57  4:25  Lair  
  57  4:27  Drone  
  57  4:29  Drone  
  57  4:30  Drone  
  60  4:32  Drone  
  60  4:33  Drone  
  62  4:40  Drone x2  
  62  4:41  Drone x2  
  62  4:42  Zergling x4  
  62  4:45  Overlord  
  67  4:49  Overlord  
  66  4:56  Extractor  
  66  4:57  Evolution Chamber  
  66  4:58  Extractor  
  62  5:00  Zergling x6  
  62  5:01  Drone x3  
  68  5:07  Overlord  
  68  5:12  Drone x3  
  71  5:21  Drone x4  
  76  5:28  Zergling x12  
  76  5:33  Hatchery  
  76  5:35  Zergling x2  
  81  5:40  Zerg Missile Weapons Level 1  
  78  5:43  Zergling x6  
  77  5:50  Zergling x4  
  77  5:55  Zergling x8  
  73  6:03  Drone x8  
  75  6:11  Drone x2  
  72  6:19  Zergling x2  
  72  6:20  Zergling x2  
  72  6:21  Queen x2  
  75  6:27  Zergling x4  
  77  6:35  Extractor, Hydralisk Den  
  72  6:42  Drone x4  
  70  6:48  Drone x5  
  75  6:58  Overlord  
  75  7:03  Overlord  
  75  7:06  Hydralisk x3, Muscular Augments  
  81  7:10  Drone x5, Extractor  
  81  7:11  Extractor  
  84  7:18  Zergling x12  
  87  7:32  Zergling x2  
  87  7:33  Zergling x20  
  91  7:40  Drone x2  
  91  7:41  Drone x2  
  95  7:51  Drone x6  
  95  7:55  Zerg Melee Weapons Level 1  
  95  7:56  Baneling Nest  
  93  8:07  Hydralisk x8  
  93  8:11  Zergling x2  
  93  8:12  Zergling x12  
  115  8:17  Grooved Spines  
  115  8:21  Overlord x2  
  115  8:23  Zergling x10  
  116  8:37  Zergling x6  
  116  8:38  Zergling x8  
  116  8:39  Overlord  
  119  8:41  Baneling x7  
  119  8:44  Zergling x2  
  119  8:45  Zergling x12  
  126  8:52  Centrifical Hooks  
  126  8:55  Zergling x10  
  121  9:09  Zergling x22  
  128  9:23  Zergling x6  
  120  9:29  Zergling x4  
  119  9:34  Baneling  
  119  9:35  Baneling x12  
  119  9:36  Baneling x3  
  119  9:37  Overseer  
  119  9:41  Zergling x4  
  118  9:46  Hatchery  
  118  9:50  Baneling x8  
  117  9:54  Zergling x6  
  119  10:04  Zergling x14  
  120  10:13  Zergling x2  
Show
View Real Time Build Order
Export as new Build Order

Geralt Protoss - Winner!

Build Orders: 1 Gate Expand 

Get SALT Encoding   

  12  0:00  Probe  
  13  0:12  Probe  
  14  0:22  Pylon  
  14  0:24  Probe  
  15  0:40  Probe (Chrono Boost)  
  15  0:41  Gateway  
  16  0:49  Probe (Chrono Boost)  
  17  0:50  Assimilator  
  17  0:54  Probe (Chrono Boost)  
  18  1:06  Probe  
  20  1:18  Probe  
  20  1:26  Nexus  
  20  1:36  Cybernetics Core  
  20  1:40  Probe  
  20  1:45  Assimilator  
  21  1:52  Probe  
  22  1:54  Pylon  
  22  2:04  Probe  
  23  2:10  Adept (Chrono Boost)  
  25  2:16  Probe  
  25  2:20  Stargate  
  26  2:28  Probe  
  27  2:30  Adept (Chrono Boost)  
  27  2:35  Warp Gate  
  29  2:39  Probe  
  29  2:40  Probe  
  31  2:53  Probe, Adept  
  34  2:58  Void Ray (Chrono Boost)  
  34  3:09  Probe  
  34  3:11  Probe  
  40  3:21  Probe  
  40  3:23  Probe  
  40  3:25  Gateway  
  42  3:33  Probe  
  43  3:35  Probe  
  43  3:38  Gateway  
  44  3:44  Twilight Council  
  44  3:45  Probe  
  44  3:47  Probe  
  44  3:53  Gateway  
  44  3:57  Probe  
  44  3:58  Pylon  
  44  3:59  Probe  
  44  4:01  Pylon  
  46  4:14  Probe  
  46  4:16  Probe, Resonating Glaives (Chrono Boost)  
  47  4:17  Assimilator  
  47  4:25  Adept x2  
  47  4:26  Probe  
  47  4:28  Nexus  
  52  4:32  Probe  
  52  4:37  Pylon  
  54  4:38  Probe  
  54  4:45  Adept  
  56  4:46  Adept  
  56  4:47  Adept  
  56  4:51  Probe  
  61  4:55  Pylon  
  61  5:00  Adept  
  63  5:07  Probe  
  63  5:08  Forge  
  63  5:11  Adept x2  
  69  5:17  Probe, Stalker  
  69  5:19  Probe, Assimilator  
  72  5:29  Probe (Chrono Boost)  
  72  5:31  Probe (Chrono Boost)  
  72  5:32  Blink  
  72  5:34  Gateway  
  74  5:40  Probe (Chrono Boost)  
  74  5:41  Probe (Chrono Boost)  
  74  5:51  Adept x4  
  74  5:52  Probe  
  74  5:56  Probe (Chrono Boost)  
  78  6:01  Protoss Ground Weapons Level 1 (Chrono Boost)  
  79  6:04  Probe (Chrono Boost)  
  79  6:05  Gateway  
  79  6:08  Gateway  
  79  6:09  Probe (Chrono Boost)  
  79  6:13  Probe x2 (Chrono Boost)  
  79  6:17  Probe (Chrono Boost)  
  75  6:19  Probe  
  75  6:23  Adept x2  
  75  6:24  Adept x2  
  80  6:26  Probe  
  80  6:27  Robotics Facility  
  80  6:28  Pylon  
  80  6:30  Probe  
  82  6:42  Probe  
  82  6:46  Probe  
  78  6:48  Adept x2  
  78  6:49  Adept x3  
  78  6:50  Probe  
  87  6:56  Probe  
  88  7:02  Assimilator  
  88  7:06  Gateway  
  88  7:07  Gateway  
  88  7:10  Pylon  
  88  7:11  Sentry  
  88  7:12  Stalker x3, Sentry x2  
  100  7:18  Pylon  
  100  7:20  Pylon  
  100  7:23  Assimilator  
  100  7:25  Warp Prism (Chrono Boost)  
  102  7:34  Probe  
  102  7:35  Dark Shrine  
  97  7:40  Probe  
  97  7:41  Stalker x7  
  106  7:54  Probe  
  106  7:57  Probe  
  102  8:07  Adept x9  
  120  8:16  Observer  
  121  8:22  Robotics Bay  
  121  8:24  Pylon  
  121  8:26  Pylon  
  121  8:27  Stalker x2  
  125  8:44  Stalker x7  
  127  9:06  Colossus (Chrono Boost)  
  127  9:09  Sentry x2  
  131  9:14  Stalker x2  
  129  9:19  Shield Battery  
  129  9:20  Shield Battery  
  111  9:25  Stalker x4  
  111  9:27  Probe  
  112  9:33  Photon Cannon  
  112  9:34  Stalker  
  110  9:50  Photon Cannon  
  116  9:53  Pylon, Dark Templar  
  116  9:55  Stalker  
  116  9:58  Adept x3  
  125  10:13  Probe  
  126  10:20  Stalker x7  
  138  10:28  Stalker  
Tags
 
Add a new tag
Caveats
  • Supply blocks, unpowered buildings, or Contaminate may cause inaccurate times.
  • Supply counts are checked every 10 seconds.